 Dungeon Crawl Stone Soup version 0.24-a0-507-g3e8b2426 (webtiles) character file.

Game seed: 18420512764816571578

6869 DinnerBoy7 the Blocker (level 11, -4/84 HPs)
             Began as a Formicid Fighter on July 18, 2019.
             Was a Follower of Qazlal.
             Killed from afar by a centaur (11 damage)
             ... with a bolt of acid
             ... on level 9 of the Dungeon.
             The game lasted 01:12:07 (11224 turns).

DinnerBoy7 the Blocker (Formicid Fighter)          Turns: 11224, Time: 01:12:08

Health: -4/84      AC: 15    Str: 21    XL:     11   Next: 26%
Magic:  0/11       EV: 12    Int: 12    God:    Qazlal [*.....]
Gold:   308        SH:  9    Dex: 13    Spells: 5/10 levels left

rFire    + . .     SeeInvis +   j - +5 flail (protect)
rCold    . . .     Gourm    .   y - +2 buckler {AC+3}
rNeg     . . .     Faith    .   T - +1 scale mail {rF+}
rPois    .         Spirit   +   (helmet unavailable)
rElec    .         Reflect  .   L - scarf {Spirit}
rCorr    .         Harm     .   p - +0 pair of gloves (curse)
MR       +....                  (no boots)
Stlth    +.........             m - amulet of guardian spirit
HPRegen  0.24/turn              g - +4 ring of intelligence
MPRegen  0.12/turn              v - +3 ring of protection

@: corroded, protection aura
A: permanent stasis, dig shafts and tunnels, four strong arms, antennae 3
a: Dig, Shaft Self, Renounce Religion


You were on level 9 of the Dungeon.
You worshipped Qazlal.
Qazlal was aware of your devotion.
You were not hungry.

You visited 1 branch of the dungeon, and saw 9 of its levels.

You collected 473 gold pieces.
You spent 165 gold pieces at shops.

Inventory:

Hand Weapons
 a - a +3 quarterstaff of chaos
 d - a cursed -2 fustibalus
 j - a +5 flail of protection (weapon)
 o - a +0 dagger of distortion
 s - a +2 dagger of freezing
 B - a +0 dagger of draining
 J - a +1 dire flail
 M - a +4 short sword
 N - a +5 war axe
 Q - a +0 mace of protection
 S - a +2 shortbow of freezing
Missiles
 i - 256 stones (quivered)
Armour
 b - a +1 scale mail
 p - a cursed +0 pair of gloves (worn)
 y - a +2 buckler of protection (worn)
 z - a +0 shield
 H - a +0 ring mail
 L - a scarf of spirit shield (worn)
 T - a +1 scale mail of fire resistance (worn)
 W - a +2 robe of fire resistance
 Z - a +0 cloak
Jewellery
 g - a +4 ring of intelligence (left hand)
 l - an uncursed ring of see invisible
 m - an amulet of guardian spirit (around neck)
 v - a +3 ring of protection (right hand)
 E - an uncursed ring of wizardry
 F - an uncursed ring of see invisible
 U - an uncursed amulet of faith
Wands
 C - a wand of flame (3)
Scrolls
 c - a scroll of identify
 h - a scroll of magic mapping
 k - a scroll of remove curse
 n - a scroll of fear
 P - a scroll of teleportation
Potions
 e - 4 potions of curing
 t - a potion of cancellation {unknown}
 u - 2 potions of heal wounds
 x - 2 potions of lignification {unknown}
 D - a potion of might
 X - a potion of flight
Comestibles
 f - 12 rations


   Skills:
 + Level 7.1 Fighting
 + Level 8.9(9.9) Maces & Flails
 + Level 7.0(9.0) Staves
 + Level 7.6 Armour
 + Level 4.2 Dodging
 + Level 2.2 Stealth
 + Level 8.9 Shields
 + Level 1.3 Unarmed Combat
 + Level 1.4 Summonings


You had 5 spell levels left.
You knew the following spells:

 Your Spells              Type           Power        Failure   Level  Hunger
a - Call Imp              Summ           #.......     56%         2    ###....
b - Conjure Flame         Conj/Fire      #.......     94%         3    ####...

Your spell library contained the following spells:

 Spells                   Type           Power        Failure   Level  Hunger
 Magic Dart               Conj           #...         63%         1    ##.....
 Sandblast                Erth           #.....       63%         1    ##.....
 Passwall                 Tmut/Erth      #.......     77%         2    ###....
 Slow                     Hex            #.......     77%         2    ###....
 Mephitic Cloud           Conj/Pois/Air  #.......     94%         3    ####...
 Stone Arrow              Conj/Erth      #.....       94%         3    ####...
 Petrify                  Tmut/Erth      #.......     100%        4    #####..
 Lee's Rapid Deconstruct  Erth           #.........   100%        5    ######.
 Blink                    Tloc           Unusable     N/A         2    N/A

Dungeon Overview and Level Annotations

Branches:
Dungeon (9/15)             Temple (0/1) D:5
   Lair: D:8-11         Orc: D:9-12

Altars:
Gozag
Nemelex Xobeh
Qazlal
Uskayaw

Shops:
D:5 %![*!   D:8 }   D:9 [


Innate Abilities, Weirdness & Mutations

You cannot be hasted, slowed, berserked, paralysed or teleported.
You can dig through walls and to a lower floor.
Your four strong arms can wield two-handed weapons with a shield.
You have a pair of large antennae on your head. (SInv)


Message History

You hit the orc warrior.
The orc warrior is heavily wounded.
You block the orc warrior's attack.
The centaur zaps a wand.
The bolt of acid hits you! The acid corrodes you!
You are splashed with acid!
You barely miss the orc warrior.
The orc warrior is heavily wounded.
The centaur zaps a wand.
The bolt of acid hits you! The acid corrodes you!
You are splashed with acid!
* * * LOW HITPOINT WARNING * * *
The orc hits you with a +0 long sword.
* * * LOW HITPOINT WARNING * * *
The centaur zaps a wand.
The bolt of acid misses you.
The orc warrior hits you with a +0 battleaxe!
* * * LOW HITPOINT WARNING * * *
You hit the orc but do no damage.
The centaur zaps a wand.
The bolt of acid misses you. The orc hits you but does no damage.
You hit the orc.
The orc is lightly wounded.
The centaur zaps a wand.
The bolt of acid hits you!
You die...

#..........######
####...##.......#
#...###.####.. ####. #####.<.#
#.### #..... ...>....# #...#
..... #####...#####.## ##...#
#..<..# #..####....### #####
#####...##o.##(.......
#...##########oo@(.(.(..#
#..........# ####ยง...(.###
...###'###.######........###
##.# #.# #...#...c....##...#
##.###.###.#..c#####.<..##.#
#..###_..'......##...##.##.#
...###.###.#..#....####.##.###
## #..# #.#
#.#.####..####..#...###.
#..###+###...#
#.................


You could see an orc warrior, a centaur and 2 orcs.

Vanquished Creatures
  Pikel (D:4)
  Maurice (D:8)
  Joseph (D:7)
  2 trolls (D:9)
  Grinder (D:6)
  A wyvern (D:7)
  A hungry ghost (D:8)
  A steam dragon (D:8)
  Edmund (D:4)
  A water moccasin (D:7)
  Duvessa (D:7)
  4 sky beasts
  3 orc warriors
  3 necrophages
  5 ogres
  3 phantoms
  A centaur (D:8)
  Blork the orc (D:6)
  5 bullfrogs
  Dowan (D:7)
  2 scorpions
  7 killer bees
  6 wights
  A bullfrog zombie (D:7)
  7 crimson imps
  A centaur zombie (D:6)
  Crazy Yiuf (D:6)
  A jelly (D:6)
  2 orc priests
  A centaur skeleton (D:5)
  5 hounds
  12 orc wizards
  Natasha (twice) (D:2)
  4 worker ants
  A killer bee zombie (D:8)
  A hound zombie (D:5)
  A hound skeleton (D:6)
  A worker ant zombie (D:6)
  19 gnolls
  A howler monkey skeleton (D:4)
  14 adders
  A shadow imp (D:9)
  2 worms (D:3)
  A dart slug (D:2)
  6 leopard geckos
  28 orcs
  12 bats
  6 giant cockroaches
  9 goblins
  8 hobgoblins
  2 jackals (D:1)
  5 quokkas
  3 ball pythons
  4 frilled lizards
  12 kobolds
  A leopard gecko zombie (D:5)
  A quokka skeleton (D:6)
  5 rats
  A plant (D:2)
235 creatures vanquished.

Vanquished Creatures (collateral kills)
  A leopard gecko (D:8)
1 creature vanquished.

Grand Total: 236 creatures vanquished

Notes
Turn   | Place    | Note
-------+----------+-------------------------------------------
     0 | D:1      | DinnerBoy7 the Formicid Fighter began the quest for the
                  | Orb.
     0 | D:1      | Reached XP level 1. HP: 18/18 MP: 1/1
    83 | D:1      | Reached XP level 2. HP: 24/24 MP: 2/2
   242 | D:1      | Reached XP level 3. HP: 29/29 MP: 3/3
   749 | D:1      | You fall into a shaft and drop 1 floor!
   853 | D:2      | Reached XP level 4. HP: 36/36 MP: 4/4
  1193 | D:2      | Reached XP level 5. HP: 37/42 MP: 5/5
  1242 | D:2      | Noticed Natasha
  1252 | D:2      | Killed Natasha
  1606 | D:2      | Noticed Natasha
  1611 | D:2      | Killed Natasha
  1717 | D:2      | Reached skill level 1 in Dodging
  1911 | D:3      | You are sucked into a shaft and drop 1 floor!
  2023 | D:4      | Reached XP level 6. HP: 39/48 MP: 4/6
  2681 | D:3      | Reached XP level 7. HP: 49/53 MP: 7/7
  2779 | D:3      | Learned a level 2 spell: Call Imp
  2783 | D:3      | Learned a level 3 spell: Conjure Flame
  2810 | D:3      | Reached skill level 5 in Staves
  3345 | D:3      | Reached skill level 5 in Armour
  3347 | D:3      | Reached skill level 5 in Shields
  3725 | D:4      | Reached XP level 8. HP: 60/60 MP: 8/8
  3846 | D:4      | Noticed Edmund
  3878 | D:4      | Killed Edmund
  4086 | D:4      | Noticed Pikel
  4106 | D:4      | Killed Pikel
  4106 | D:4      | Reached skill level 1 in Maces & Flails
  4164 | D:4      | Reached skill level 5 in Fighting
  4164 | D:4      | Reached skill level 1 in Stealth
  4164 | D:4      | Reached XP level 9. HP: 57/68 MP: 7/9
  4246 | D:4      | You fall into a shaft and drop 2 floors!
  4457 | D:5      | Entered Level 5 of the Dungeon
  4890 | D:5      | Found Bikhlocla's Food Shop.
  4937 | D:5      | Found Haesas Falur's Armour Shop.
  5010 | D:5      | Found a staircase to the Ecumenical Temple.
  5623 | D:5      | Found Mido's Distillery.
  5686 | D:5      | Found Oring's Distillery.
  5805 | D:5      | Found Ytieg's Assorted Antiques.
  6097 | D:5      | Bought a runed buckler for 165 gold pieces
  6192 | D:6      | Noticed Grinder
  6201 | D:6      | Killed Grinder
  6201 | D:6      | Reached skill level 5 in Maces & Flails
  6356 | D:6      | Found a stormy altar of Qazlal.
  6488 | D:6      | Noticed Blork the orc
  6498 | D:6      | Killed Blork the orc
  6655 | D:6      | Reached XP level 10. HP: 75/75 MP: 10/10
  7010 | D:6      | Found a runed translucent door.
  7011 | D:6      | Noticed Crazy Yiuf
  7211 | D:6      | Became a worshipper of Qazlal Stormbringer
  7295 | D:6      | Killed Crazy Yiuf
  7314 | D:6      | You fall into a shaft and drop 2 floors!
  7337 | D:8      | Reached skill level 1 in Summonings
  8086 | D:7      | Noticed Duvessa
  8100 | D:7      | Killed Duvessa
  8156 | D:7      | Noticed Joseph
  8178 | D:7      | Killed Joseph
  8189 | D:7      | Found a sparkling altar of Nemelex Xobeh.
  8297 | D:7      | Noticed Dowan
  8303 | D:7      | Killed Dowan
  8501 | D:8      | Noticed Maurice
  8650 | D:8      | Reached skill level 1 in Unarmed Combat
  8766 | D:8      | Reached * piety under Qazlal
  9204 | D:8      | Found Tennuibb's Gadget Boutique.
  9500 | D:8      | Reached XP level 11. HP: 40/83 MP: 9/11
  9774 | D:8      | Found an opulent altar of Gozag.
 10435 | D:8      | Killed Maurice
 10551 | D:9      | Found Uschyu Diego's Antique Armour Shoppe.
 10607 | D:9      | Found a hide-covered altar of Uskayaw.
 11224 | D:9      | Killed from afar by a centaur

Levels and vault maps discovered:
D:1:      dpeg_arrival_erosion, layout_rooms
D:2:      layout_basic, first_ration, st_stairs_7, serial_bayou_pond_c,
          uniq_natasha
D:3:      minmay_bubble_buster, layout_basic
D:4:      layout_loops_ring, uniq_edmund, uniq_pikel
D:5:      layout_basic, minmay_temple_entry_arrows, serial_shops, shop, shop,
          kennysheep_mini_moat, shop, shop_statue
D:6:      layout_loops_corners, nicolae_qazlal_eye_of_the_storm, uniq_grinder,
          uniq_crazy_yiuf_cottage, uniq_blork_the_orc
D:7:      layout_loops_ring, nemelex_spade_bored_becter, uniq_joseph,
          uniq_duvessa
D:8:      layout_loops_ring, grunt_gozag_statues, serial_shops, shop,
          minmay_bent, uniq_maurice
D:9:      layout_rooms, lemuel_doored_altar, gammafunk_temple_overflow_claw,
          serial_shops, shop

Skill      XL: |  1  2  3  4  5  6  7  8  9 10 11 |
---------------+----------------------------------+-----
Shields        | 4 5 6 7 8 |  8.9
Staves         | 3 4 5 6 7 |  7.0
Armour         | 4 5 6 7 |  7.6
Dodging        | 1 2 4 |  4.2
Fighting       | 4 5 6 7 |  7.1
Maces & Flails | 1 5 8 |  8.9
Stealth        | 1 2 |  2.2
Summonings     | 1 |  1.4
Unarmed Combat | 1 |  1.3

Action                   |  1- 3 |  4- 6 |  7- 9 | 10-12 || total
-------------------------+-------+-------+-------+-------++-------
Melee: Quarterstaff      |    92 |   157 |   177 |       ||   426
       Flail             |       |       |   189 |   415 ||   604
       Unarmed           |       |       |       |    31 ||    31
Throw: Stone             |     2 |     3 |     1 |     1 ||     7
 Cast: Call Imp          |       |       |       |     2 ||     2
 Abil: Shaft Self        |     1 |     1 |       |     1 ||     3
       Dig               |       |     2 |       |     1 ||     3
Evoke: Wand              |       |       |       |     1 ||     1
  Use: Scroll            |     2 |     1 |    11 |     5 ||    19
       Potion            |     1 |     3 |     2 |     4 ||    10
  Eat: Chunk             |       |     2 |     3 |     1 ||     6
       Ration            |       |     2 |     3 |     4 ||     9
Armor: Scale mail        |    42 |    52 |   122 |   193 ||   409
       Skin              |       |       |       |     8 ||     8
Dodge: Dodged            |    42 |    47 |   124 |   268 ||   481
Block: Shield            |    44 |    86 |   175 |       ||   305
       Buckler           |       |       |     8 |   209 ||   217

Table legend:
 A = Non-vault XP
 B = Vault XP
 C = Vault XP percentage of total XP
 D = Non-vault monster count
 E = Vault monster count
 F = Vault count percentage of total count
                 A         B        C        D         E       F
            +---------+---------+-------+---------+---------+-------
      Total |    7045 |    2768 |  28.2 |     212 |      23 |   9.8
            +---------+---------+-------+---------+---------+-------
        D:1 |      42 |       0 |   0.0 |      26 |       0 |   0.0
        D:2 |     157 |      36 |  18.7 |      24 |       2 |   7.7
        D:3 |     211 |      14 |   6.2 |      31 |       6 |  16.2
        D:4 |     826 |     820 |  49.8 |      31 |       2 |   6.1
        D:5 |     859 |       0 |   0.0 |      20 |       0 |   0.0
        D:6 |    1051 |     405 |  27.8 |      20 |       3 |  13.0
        D:7 |    1105 |     671 |  37.8 |      15 |       3 |  16.7
        D:8 |    1292 |     822 |  38.9 |      25 |       7 |  21.9
        D:9 |    1502 |       0 |   0.0 |      20 |       0 |   0.0
            +---------+---------+-------+---------+---------+-------
